 Dungeon Crawl Stone Soup version 0.21-b1-23-g1fb0a74 (webtiles) character file.

30346 Flooderbenga the Severer (level 13, -3/116 HPs)
             Began as a Minotaur Berserker on Jan 5, 2018.
             Was a High Priest of Trog.
             Slain by a soul eater (4 damage)
             ... summoned by an orc high priest
             ... on level 2 of the Orcish Mines.
             The game lasted 01:02:14 (20199 turns).

Flooderbenga the Severer (Minotaur Berserker)      Turns: 20199, Time: 01:02:15

Health: -3/116     AC: 28    Str: 25    XL:     13   Next: 20%
Magic:  12/12      EV: 12    Int:  4    God:    Trog [*****.]
Gold:   755        SH:  0    Dex: 12    Spells: 12/12 levels left

rFire    . . .     SeeInvis +   P - +0 battleaxe
rCold    . . .     Gourm    +   (shield currently unavailable)
rNeg     . . .     Faith    .   T - +3 plate armour {MR+}
rPois    +         Spirit   .   (helmet restricted)
rElec    .         Reflect  .   B - +2 cloak
rCorr    .         Harm     .   V - +2 pair of gloves
MR       +....                  H - +0 pair of boots
Stlth    ..........             C - amulet of the gourmand
HPRegen  0.29/turn              I - ring of poison resistance
MPRegen  0.13/turn              a - ring of see invisible

@: lethally poisoned (-3 -> -5), drained
A: retaliatory headbutt, horns 2
a: Berserk, Trog's Hand, Brothers in Arms, Burn Spellbooks, Renounce Religion


You were on level 2 of the Orcish Mines.
You worshipped Trog.
Trog was extremely pleased with you.
You were completely stuffed.

You visited 3 branches of the dungeon, and saw 16 of its levels.
You also visited: Sewer.

You collected 1475 gold pieces.
You spent 720 gold pieces at shops.

Inventory:

Hand Weapons
 P - a +0 battleaxe (weapon)
Missiles
 e - 106 bolts
 g - 8 curare-tipped needles
 h - 222 stones
 k - 269 arrows
 m - 21 tomahawks
 p - 2 throwing nets
 x - 3 javelins (quivered)
 y - 53 poisoned needles
 F - 166 sling bullets
 X - 3 exploding tomahawks
Armour
 B - a +2 cloak (worn)
 H - a +0 pair of boots (worn)
 T - a +3 plate armour of magic resistance (worn)
 V - a +2 pair of gloves (worn)
Jewellery
 a - a ring of see invisible (right hand)
 C - an amulet of the gourmand (around neck)
 I - a ring of poison resistance (left hand)
Wands
 r - a wand of digging (13) {@v4}
 w - a wand of clouds (4)
 A - a wand of acid (8)
 E - a wand of disintegration (28)
 J - a wand of polymorph (31)
 L - a wand of scattershot (5)
 M - a wand of random effects (46)
 N - a wand of flame (28)
Scrolls
 j - a scroll of silence
 u - a scroll of noise
 z - 9 scrolls of remove curse {@r2}
 G - a scroll of fog {@r4}
 O - a scroll of amnesia {unknown}
 Q - a scroll of teleportation {@r3}
 R - 2 scrolls of magic mapping
 W - a scroll of acquirement {unknown}
Potions
 b - a potion of might {@q4}
 d - 3 potions of degeneration
 f - a potion of heal wounds {@q2}
 i - 3 potions of resistance
 l - 9 potions of flight
 n - 2 potions of haste {@q3}
 o - a potion of brilliance
 q - 2 potions of curing {@q1}
 t - a potion of magic
 v - 2 potions of lignification
 K - 3 potions of agility {@q5}
 U - a potion of cancellation
Books
 D - a book of Cantrips

   Spells                             Type                      Level
   a - Confusing Touch                Hexes                        1
   b - Animate Skeleton               Necromancy                   1
   c - Summon Small Mammal            Summoning                    1
   d - Apportation                    Translocation                1
   Trog disapproves of the use of such an item.
 S - a book of Clouds

   Spells                             Type                      Level
   a - Poisonous Vapours              Poison/Air                   2
   b - Mephitic Cloud                 Conjuration/Poison/Air       3
   c - Conjure Flame                  Conjuration/Fire             3
   d - Freezing Cloud                 Conjuration/Ice/Air          6
   e - Ring of Flames                 Charms/Fire                  7
   Trog disapproves of the use of such an item.
Comestibles
 c - 16 rations
 s - 3 chunks of flesh


   Skills:
 + Level 11.5(11.2) Fighting
 * Level 15.4(15.0) Axes
 * Level 15.0(14.6) Armour
 + Level 10.4(10.1) Dodging


You had 12 spell levels left.
You didn't know any spells.

Dungeon Overview and Level Annotations

Branches:
Dungeon (10/15)            Temple (0/1) D:7            Lair (4/6) D:9
 Shoals (0/4) Lair:2        Snake (0/4) Lair:2          Orc (2/2) D:10
    Elf: Orc:2

Altars:
Cheibriados
Dithmenos
Fedhas
Kikubaaqudgha
Nemelex Xobeh
Okawaru
Qazlal
Sif Muna
Uskayaw
Vehumet
Wu Jian
Yredelemnul

Shops:
D:8 !   D:9 [

Annotations:
D:5 Menkaure
Lair:4 Nergalle


Innate Abilities, Weirdness & Mutations

You reflexively headbutt those who attack you in melee.
You have a pair of horns on your head.


Message History

You feel sick.
The orc sorcerer gestures wildly while chanting.
The chaos spawn gores you but does no damage.
The ice devil hits you. The ice devil freezes you!
* * * LOW HITPOINT WARNING * * *
The orc high priest calls down the wrath of Beogh upon you.
You easily resist.
The soul eater completely misses you.
You take 18 damage, and have 23/116 hp.
You closely miss the orc high priest. You headbutt the orc high priest.
You slash the ice devil! You barely miss the chaos spawn.
You slash the soul eater! The chaos spawn barely misses you.
You furiously retaliate!
You headbutt the chaos spawn, but do no damage.
The ice devil hits you!
* * * LOW HITPOINT WARNING * * *
The ice devil freezes you!
* * * LOW HITPOINT WARNING * * *
The orc high priest mumbles some strange prayers to Beogh.
The orc high priest is healed somewhat.
The soul eater hits you.
You die...

####........)...................#
.###........)....................
..........))))...................
..............................#..
............).)).............####
#........)....................#.#
##...........................#...
###..............................
#....#...#...##)@4..............#
....##....####.43o..............#
.........###.4..o....###.....#...
....##...##..........# ##...#...#
......#.##.....####### #.....#.##
........#..o.### ##....###
........#...## ##..##
.#.#....#3..# #### #.####.###.รท.


You could see a soul eater, an orc high priest, 2 ice devils, a neqoxec, a chaos
spawn, an orc sorcerer and an orc warrior.

Vanquished Creatures
  The ghost of bmj180 the Cleaver, a journeyman HOFi of Okawaru (D:10)
  Erolcha (D:10)
  A hydra (Lair:1)
  2 two-headed ogres
  An orc high priest (Orc:1)
  Pikel (D:8)
  2 orc knights (Orc:2)
  An orc sorcerer (Orc:1)
  Joseph (D:7)
  A guardian serpent (Lair:2)
  Maurice (D:8)
  4 black mambas
  The ghost of feelmyfire the Insei, a novice DgTm (D:6)
  9 spiny frogs
  3 rime drakes
  5 komodo dragons
  A merfolk (Lair:2)
  Grinder (D:6)
  4 hippogriffs
  Sigmund (D:6)
  4 wyverns
  22 yaks
  Eustachio (D:6)
  A hungry ghost (D:9)
  2 wargs
  Edmund (D:5)
  8 water moccasins
  7 porcupines
  2 black bears (D:9)
  14 orc warriors
  2 slaves (D:8)
  4 ice beasts
  A sky beast (D:5)
  6 ogres
  15 wolves
  4 centaurs
  7 crocodiles
  Blork the orc (D:6)
  A big kobold (D:9)
  15 bullfrogs
  2 scorpions
  3 killer bees
  3 wights (D:9)
  5 electric eels (Lair:3)
  4 howler monkeys
  A centaur zombie (D:7)
  5 crimson imps
  A quasit (D:10)
  12 orc priests
  A bullfrog skeleton (D:5)
  7 hounds
  12 orc wizards
  2 centaur skeletons (D:9)
  Ijyb (D:5)
  8 iguanas
  4 worker ants
  10 adders
  2 river rats (D:3)
  3 shadow imps
  6 oozes
  2 adder skeletons
  An adder zombie (D:2)
  8 worms
  A dart slug (D:3)
  4 leopard geckos
  41 orcs
  7 ball pythons
  4 bat zombies (D:2)
  5 giant cockroaches
  10 goblins
  10 hobgoblins
  15 jackals
  4 quokkas
  15 bats
  5 frilled lizards
  A giant cockroach zombie (D:2)
  12 kobolds
  A leopard gecko skeleton (D:5)
  7 rats
  2 rat zombies (D:2)
  A plant (Lair:3)
408 creatures vanquished.

Vanquished Creatures (collateral kills)
  2 hydras (Lair:1)
  A two-headed ogre (D:10)
  An orc sorcerer (Orc:1)
  A komodo dragon (Lair:1)
  A troll (Orc:1)
  A warg (D:10)
  A big kobold (D:10)
  An orc priest (Orc:1)
  3 iguanas (Lair:1)
  2 orcs
  A kobold (D:10)
15 creatures vanquished.

Vanquished Creatures (others)
  An orc priest (Orc:2)
  19 fungi
  3 plants
23 creatures vanquished.

Grand Total: 446 creatures vanquished

Notes
Turn   | Place    | Note
-------+----------+-------------------------------------------
     0 | D:1      | Flooderbenga the Minotaur Berserker began the quest for the Orb.
     0 | D:1      | Reached XP level 1. HP: 19/19 MP: 0/0
   293 | D:1      | Reached XP level 2. HP: 26/27 MP: 1/1
   834 | D:2      | Reached XP level 3. HP: 28/33 MP: 2/2
   876 | D:2      | Found an ancient bone altar of Kikubaaqudgha.
   945 | D:2      | Reached ** piety under Trog
  1856 | D:3      | Found a glowing drain.
  1863 | D:3      | Reached XP level 4. HP: 39/40 MP: 3/3
  1874 | Sewer    | Entered a sewer
  2085 | Sewer    | Reached *** piety under Trog
  2194 | Sewer    | Reached skill level 5 in Axes
  2358 | Sewer    | Reached XP level 5. HP: 34/47 MP: 4/4
  3184 | D:3      | Reached XP level 6. HP: 55/55 MP: 5/5
  3233 | D:3      | Found a sparkling altar of Nemelex Xobeh.
  3301 | D:3      | Found a snail-covered altar of Cheibriados.
  3439 | D:4      | Reached skill level 5 in Fighting
  3814 | D:4      | Reached **** piety under Trog
  4003 | D:4      | Reached skill level 5 in Armour
  4604 | D:5      | Entered Level 5 of the Dungeon
  4615 | D:5      | Reached XP level 7. HP: 44/61 MP: 6/6
  4848 | D:5      | Noticed Ijyb
  4860 | D:5      | Killed Ijyb
  4864 | D:5      | Noticed Menkaure
  5366 | D:5      | Noticed a two-headed ogre
  5430 | D:5      | Noticed Edmund
  5586 | D:5      | Killed Edmund
  5854 | D:5      | Reached XP level 8. HP: 70/70 MP: 7/7
  5986 | D:6      | Noticed Eustachio
  5999 | D:6      | Killed Eustachio
  6063 | D:6      | Noticed feelmyfire's ghost (novice DgTm)
  6114 | D:6      | Killed feelmyfire's ghost
  6114 | D:6      | Reached skill level 5 in Dodging
  6255 | D:6      | Noticed Grinder
  6370 | D:6      | Noticed Blork the orc
  6391 | D:6      | Killed Blork the orc
  6417 | D:6      | Killed Grinder
  6447 | D:6      | Found a deep blue altar of Sif Muna.
  6457 | D:6      | Found a shadowy altar of Dithmenos.
  6464 | D:6      | Found a radiant altar of Vehumet.
  6471 | D:6      | Found a blossoming altar of Fedhas.
  6478 | D:6      | Found a basalt altar of Yredelemnul.
  6488 | D:6      | Found an ornate altar of the Wu Jian Council.
  6493 | D:6      | Found a hide-covered altar of Uskayaw.
  6716 | D:6      | Noticed Sigmund
  7222 | D:7      | Noticed Joseph
  7259 | D:6      | Reached XP level 9. HP: 37/78 MP: 8/8
  7707 | D:5      | Killed a two-headed ogre
  8250 | D:6      | Killed Sigmund
  8517 | D:7      | Found a staircase to the Ecumenical Temple.
  8547 | D:7      | Reached skill level 10 in Axes
  8575 | D:7      | Found a stormy altar of Qazlal.
  8676 | D:7      | Found an iron altar of Okawaru.
  8966 | D:7      | You fall through a shaft for 3 floors!
  8966 | D:10     | Entered Level 10 of the Dungeon
  9009 | D:10     | Noticed a two-headed ogre
  9034 | D:10     | HP: 6/121 [two-headed ogre/giant club (4)]
  9037 | D:10     | Killed a two-headed ogre
  9037 | D:10     | Reached skill level 10 in Armour
  9037 | D:10     | Reached XP level 10. HP: 5/88 MP: 9/9
  9056 | D:10     | Noticed Erolcha
  9073 | D:10     | Found a staircase to the Orcish Mines.
  9074 | D:10     | HP: 2/88 [Erolcha/fireball (24)]
  9087 | D:10     | HP: 2/88 [centaur/arrow (2)]
  9640 | D:9      | Found a staircase to the Lair.
  9993 | D:9      | Found Fioch's Armour Shoppe.
 10632 | D:8      | Noticed Maurice
 10808 | D:7      | Killed Joseph
 10808 | D:7      | Reached XP level 11. HP: 97/97 MP: 10/10
 11020 | D:8      | Noticed Pikel
 11058 | D:8      | Killed Pikel
 11229 | D:8      | Killed Maurice
 11280 | D:8      | Found Letifur's Distillery.
 11876 | D:10     | Noticed bmj180's ghost (journeyman HOFi)
 11901 | D:10     | Killed bmj180's ghost
 12072 | Lair:1   | Entered Level 1 of the Lair of Beasts
 12101 | Lair:1   | Reached ***** piety under Trog
 12337 | Lair:1   | Noticed a five-headed hydra
 12363 | Lair:1   | Killed a six-headed hydra
 13211 | Lair:1   | Noticed a four-headed hydra
 13211 | Lair:1   | Noticed a seven-headed hydra
 13224 | Lair:1   | Killed a five-headed hydra
 13224 | Lair:1   | Reached skill level 10 in Fighting
 13575 | Lair:1   | Killed a nine-headed hydra
 13831 | Lair:2   | Found a staircase to the Shoals.
 14601 | Lair:2   | Reached XP level 12. HP: 75/106 MP: 11/11
 15035 | Lair:2   | Found a staircase to the Snake Pit.
 18002 | Lair:4   | Reached skill level 10 in Dodging
 18521 | Lair:4   | Noticed Nergalle
 18694 | D:9      | Bought a +3 plate armour of magic resistance for 720 gold pieces
 18818 | Orc:1    | Entered Level 1 of the Orcish Mines
 18818 | Orc:1    | Noticed an orc high priest
 18823 | Orc:1    | Killed an orc high priest
 18827 | Orc:1    | Reached skill level 15 in Axes
 19370 | D:10     | Noticed a two-headed ogre
 19392 | D:10     | Killed a two-headed ogre
 19392 | D:10     | Reached XP level 13. HP: 116/116 MP: 12/12
 19431 | D:10     | Killed Erolcha
 19698 | Orc:2    | Entered Level 2 of the Orcish Mines
 20040 | Orc:2    | Reached skill level 15 in Armour
 20199 | Orc:2    | HP: 1/116 [ice devil[an orc high priest] (14)]
 20199 | Orc:2    | Slain by a soul eater

Skill      XL: |  1  2  3  4  5  6  7  8  9 10 11 12 13 |
---------------+----------------------------------------+-----
Axes           | 4 5 6 7 9 10 12 13 15 | 15.4
Fighting       | 4 5 6 8 9 10 11 | 11.5
Armour         | 3 4 5 6 8 10 11 13 14 15 | 15.0
Dodging        | 3 4 5 6 8 9 10 | 10.4

Action                   |  1- 3 |  4- 6 |  7- 9 | 10-12 | 13-15 || total
-------------------------+-------+-------+-------+-------+-------++-------
Melee: Hand axe          |   107 |   208 |   258 |   261 |       ||   834
       Headbutt          |    18 |    36 |    47 |   144 |    25 ||   270
       Battleaxe         |       |       |       |   348 |   119 ||   467
Throw: Stone             |     3 |     2 |     1 |       |       ||     6
       Javelin           |       |       |     1 |     4 |       ||     5
Invok: Berserk           |       |     1 |    12 |    14 |     1 ||    28
       Trog's Hand       |       |       |     6 |     3 |       ||     9
       Brothers in Arms  |       |       |     1 |     4 |     2 ||     7
Evoke: Wand              |       |       |     1 |       |       ||     1
  Use: Scroll            |     2 |     1 |    13 |    16 |       ||    32
       Potion            |       |     4 |     8 |     4 |       ||    16
 Stab: Sleeping          |     1 |       |       |       |       ||     1
       Distracted        |       |       |       |     1 |       ||     1
  Eat: Chunk             |     2 |    10 |    19 |    54 |     6 ||    91
       Ration            |       |       |     4 |     3 |       ||     7
Armor: Animal skin       |    30 |       |       |       |       ||    30
       Chain mail        |     7 |   117 |   116 |    31 |       ||   271
       Leather armour    |     5 |       |       |       |       ||     5
       Skin              |       |       |     7 |     2 |       ||     9
       Scale mail        |       |       |       |   205 |       ||   205
       Plate armour      |       |       |       |    24 |    54 ||    78
Dodge: Dodged            |    77 |   112 |   101 |   395 |    72 ||   757
